 Dungeon Crawl Stone Soup version 0.22.0-75-g3901e79 (webtiles) character file.

49 Fang the Skirmisher (level 3, -1/36 HPs)
             Began as a Gargoyle Berserker on Sept 12, 2018.
             Was a Follower of Trog.
             Slain by Sigmund
             ... wielding a +0 scythe
              (9 damage)
             ... on level 2 of the Dungeon.
             The game lasted 00:02:06 (1073 turns).

Fang the Skirmisher (Gargoyle Berserker)            Turns: 1073, Time: 00:02:06

Health: -1/36      AC:  5    Str: 26    XL:     3   Next: 77%
Magic:  3/3        EV: 12    Int:  7    God:    Trog [*.....]
Gold:   75         SH:  0    Dex:  9    Spells: 2/2 levels left

rFire    . . .     SeeInvis .   a - +0 hand axe
rCold    . . .     Gourm    .   (no shield)
rNeg     + . .     Faith    .   b - +0 animal skin
rPois    ∞         Spirit   .   (no helmet)
rElec    +         Reflect  .   (no cloak)
rCorr    .         Harm     .   (no gloves)
MR       .....                  (no boots)
Stlth    ..........             (no amulet)
HPRegen  0.12/turn              (no ring)
MPRegen  0.08/turn              (no ring)

@: berserking, very quick
A: negative energy resistance 1, electricity resistance, unbreathing,
petrification resistance, rot immunity, AC +3
a: Berserk, Renounce Religion


You were on level 2 of the Dungeon.
You worshipped Trog.
Trog was aware of your devotion.
You were not hungry.

You visited 1 branch of the dungeon, and saw 2 of its levels.

You collected 75 gold pieces.

Inventory:

Hand Weapons
 a - a +0 hand axe (weapon)
Armour
 b - a +0 animal skin (worn)
Scrolls
 d - a scroll of fog {unknown}
 e - a scroll of amnesia {unknown}
 i - a scroll of identify {unknown}
Potions
 f - 2 potions of degeneration {unknown}
 g - 2 potions of flight {unknown}
 j - a potion of curing {unknown}
Comestibles
 c - 5 rations
 h - 6 chunks of flesh


   Skills:
 + Level 3.9 Fighting
 + Level 3.4 Axes
 + Level 2.4 Armour
 + Level 1.8 Dodging


You had 2 spell levels left.
You didn't know any spells.
Your spell library was empty.

Dungeon Overview and Level Annotations

Branches:
Dungeon (2/15)

Altars:

Annotations:
D:2 Sigmund


Innate Abilities, Weirdness & Mutations

You are resistant to torment.
Your stone body is resilient. (AC +3)
You are immune to poison.
You resist negative energy. (rN+)
You are resistant to electric shocks. (rElec)
You can survive without breathing.
You are immune to petrification.
You are immune to rotting.


Message History

Sigmund screams, "Only death can liberate you!"
Sigmund hits you from afar with a scythe.
Sigmund closely misses you.
Sigmund hits you from afar with a scythe.
You bump into the rock wall.
You feel less confused.
A red film seems to cover your vision as you go berserk!
You feel yourself moving faster!
You feel mighty!
You feel quite a bit more hungry.
Sigmund hits you from afar with a scythe!
* * * LOW HITPOINT WARNING * * *
You are too injured to fight recklessly!
You feel a strong urge to attack something.
You slash Sigmund!
Sigmund is moderately wounded.
Sigmund casts a spell.
Sigmund flickers and vanishes!
Deactivating autopickup; reactivate with Ctrl-A.
You miss something. Something hits you!
You die...

########### ..........#
###### ..........#
#....#.# #
..........####....#.# #.#
.........>........#.#.#.#
........{.####.##.#.#...#
..#....#@................
# #.##.#....†............
... ..#.####...#.....##.
### #..#.# #.####.......
..##.# #.#<......... ...
... #.####.#..... ... ...
#.####....... ...
#........#... .....
######.......


There were no monsters in sight!

Vanquished Creatures
  Jessica (D:2)
  2 dart slugs (D:1)
  A giant cockroach (D:1)
  3 goblins (D:1)
  3 hobgoblins
  A quokka (D:2)
  3 bats
  A frilled lizard (D:2)
  3 kobolds
  3 rats (D:1)
21 creatures vanquished.

Notes
Turn   | Place    | Note
-------+----------+-------------------------------------------
     0 | D:1      | Fang the Gargoyle Berserker began the quest for the Orb.
     0 | D:1      | Reached XP level 1. HP: 14/14 MP: 1/1
   446 | D:1      | Reached XP level 2. HP: 16/19 MP: 2/2
   950 | D:2      | Noticed Jessica
   959 | D:2      | Killed Jessica
   959 | D:2      | Reached XP level 3. HP: 24/24 MP: 3/3
  1060 | D:2      | Noticed Sigmund
  1073 | D:2      | Slain by Sigmund

Skill      XL: |  1  2 |
---------------+-------+-----
Axes           | 3 |  3.4
Fighting       | |  3.9
Armour         | |  2.4
Dodging        | |  1.8

Action                   || total
-------------------------++-------
Melee: Hand axe          ||    75
Invok: Berserk           ||     1
  Eat: Chunk             ||     1
Armor: Animal skin       ||    29
Dodge: Dodged            ||    58
